 Dungeon Crawl Stone Soup version 0.21-a0-297-ga3d34c2 (webtiles) character file.

226 vatarom the Vexing (level 6, -3/46 HPs)
             Began as a Gnoll Arcane Marksman on Sept 28, 2017.
             Killed from afar by an orc wizard (6 damage)
             ... with a magic dart
             ... on level 3 of the Dungeon.
             The game lasted 00:03:21 (1674 turns).

vatarom the Vexing (Gnoll Arcane Marksman)          Turns: 1674, Time: 00:03:22

Health: -3/46      AC:  2    Str: 13    XL:     6   Next: 1%
Magic:  10/10      EV: 15    Int: 16    God:
Gold:   72         SH:  0    Dex: 16    Spells: 10/11 levels left

rFire    . . .     SeeInvis .   d - +0 hand axe
rCold    . . .     Gourm    .   (no shield)
rNeg     . . .     Faith    .   e - +0 robe
rPois    .         Spirit   .   (no helmet)
rElec    .         Reflect  .   (no cloak)
rCorr    .         Harm     .   (no gloves)
MR       .....                  (no boots)
Stlth    ++........             (no amulet)
HPRegen  0.15/turn              (no ring)
MPRegen  0.12/turn              (no ring)

@: no status effects
A: distributed training, fangs 1, strong nose
a: no special abilities


You were on level 3 of the Dungeon.
You were not hungry.

You visited 1 branch of the dungeon, and saw 3 of its levels.

You collected 72 gold pieces.

Inventory:

Hand Weapons
 a - a +1 hand crossbow
 d - a +0 hand axe (weapon)
Missiles
 o - 6 bolts
Armour
 e - a +0 robe (worn)
Scrolls
 k - 2 scrolls of immolation
 l - 2 scrolls of remove curse
 p - 2 scrolls of identify {unknown}
Potions
 b - a potion of mutation {unknown}
 g - a potion of heal wounds {unknown}
 i - 3 potions of haste {unknown}
 j - a potion of ambrosia {unknown}
 m - a potion of might {unknown}
 n - a potion of degeneration {unknown}
Books
 c - a book of Debilitation

   Spells                             Type                      Level
   a - Corona                         Hexes                        1
   b - Slow                           Hexes                        2
   c - Inner Flame                    Hexes/Fire                   3
   d - Portal Projectile              Hexes/Translocation          3
   e - Cause Fear                     Hexes                        4
   f - Leda's Liquefaction            Hexes/Earth                  4
Comestibles
 f - a bread ration
 h - 2 meat rations


   Skills:
 + Level 2.6 Fighting
 + Level 1.7 Short Blades
 + Level 2.6 Long Blades
 + Level 0.8 Axes
 + Level 1.3 Maces & Flails
 + Level 1.3 Polearms
 + Level 1.3 Staves
 + Level 2.0 Slings
 + Level 2.0 Bows
 + Level 5.0 Crossbows
 + Level 2.0 Throwing
 + Level 2.0 Armour
 + Level 5.0 Dodging
 + Level 1.3 Stealth
   Level 0.0 Stabbing
 + Level 1.7 Shields
   Level 0.0 Traps
 + Level 2.3 Unarmed Combat
 + Level 3.3 Spellcasting
 + Level 1.7 Conjurations
 + Level 6.8 Hexes
 + Level 2.3 Charms
 + Level 3.1 Summonings
 + Level 2.0 Necromancy
 + Level 1.3 Translocations
 + Level 0.0 Transmutations
 + Level 1.3 Fire Magic
 + Level 0.8 Ice Magic
 + Level 0.0 Air Magic
 + Level 1.3 Earth Magic
 + Level 0.8 Poison Magic
 + Level 1.3 Invocations
 + Level 0.8 Evocations


You had 10 spell levels left.
You knew the following spells:

 Your Spells              Type           Power        Failure   Level  Hunger
a - Corona                Hex            ###....      1%          1    None


Dungeon Overview and Level Annotations

Branches:
Dungeon (3/15)

Altars:


Innate Abilities, Weirdness & Mutations

Your experience applies equally to all skills.
You have very sharp teeth.
Your uncanny sense of smell can sniff out nearby items.


Message History

You kill the orc!
You hit the orc. x2; The orc priest misses you.
The orc completely misses you. The orc hits you.
Unknown command.
You hit the orc priest. You bite the orc priest.
The orc priest is heavily wounded.
You barely miss the orc. You hit the orc but do no damage. The orc hits you.
The orc hits you but does no damage.
Unknown command.
You slash the orc priest!
The orc priest is almost dead.
You hit the orc wizard but do no damage.
You hit the orc but do no damage. You hit the orc. The orc priest misses you.
The orc wizard misses you. The orc hits you.
* * * LOW HITPOINT WARNING * * *
The orc hits you with a falchion!
* * * LOW HITPOINT WARNING * * *
The orc wizard gestures at you while chanting.
The magic dart hits you!
You die...

#.. #...(.∆ ...
##..#.# #.#
#......∆ #.# ∆
o....# #.#
....#####.#
#.b##.##.#
#.##.#oo#.....####
......o@o...[..<.#
.....#####.#####.#
##. #.# #.# #.#
#.# #.# #.# #?#
#.# #.# #.. ###


You could see an orc priest, an orc wizard, 2 orcs and a bat.

Vanquished Creatures
  Sigmund (D:2)
  An ooze (D:2)
  2 dart slugs
  A leopard gecko (D:3)
  An orc (D:3)
  4 bats
  2 giant cockroaches
  7 hobgoblins (D:1)
  4 jackals
  6 kobolds
  A quokka (D:2)
  A ball python (D:1)
  3 frilled lizards
  6 goblins
  5 rats
45 creatures vanquished.

Notes
Turn   | Place    | Note
-------+----------+-------------------------------------------
     0 | D:1      | vatarom the Gnoll Arcane Marksman began the quest for the Orb.
     0 | D:1      | Reached XP level 1. HP: 17/17 MP: 4/4
    54 | D:1      | Reached skill level 1 in Throwing
    92 | D:1      | Reached XP level 2. HP: 23/23 MP: 2/5
   170 | D:1      | Reached skill level 1 in Long Blades
   317 | D:1      | Reached skill level 1 in Summonings
   353 | D:1      | Reached XP level 3. HP: 28/28 MP: 6/6
   455 | D:1      | Reached skill level 1 in Unarmed Combat
   497 | D:1      | Reached skill level 1 in Shields
   958 | D:2      | Reached skill level 1 in Short Blades
   985 | D:2      | Noticed Sigmund
   994 | D:2      | Killed Sigmund
   994 | D:2      | Reached skill level 1 in Maces & Flails
   994 | D:2      | Reached skill level 1 in Polearms
   994 | D:2      | Reached skill level 1 in Staves
   994 | D:2      | Reached skill level 1 in Slings
   994 | D:2      | Reached skill level 5 in Crossbows
   994 | D:2      | Reached skill level 1 in Armour
   994 | D:2      | Reached skill level 5 in Dodging
   994 | D:2      | Reached skill level 1 in Stealth
   994 | D:2      | Reached skill level 1 in Conjurations
   994 | D:2      | Reached skill level 1 in Necromancy
   994 | D:2      | Reached skill level 1 in Translocations
   994 | D:2      | Reached skill level 1 in Fire Magic
   994 | D:2      | Reached skill level 1 in Earth Magic
   994 | D:2      | Reached skill level 1 in Invocations
   994 | D:2      | Reached XP level 4. HP: 24/34 MP: 5/8
   994 | D:2      | Reached XP level 5. HP: 28/39 MP: 5/9
  1667 | D:3      | Reached XP level 6. HP: 45/46 MP: 10/10
  1674 | D:3      | Killed from afar by an orc wizard

Vault maps used:
D:1:      dpeg_arrival_arbitrary_a
D:2:      serial_forest, infiniplex_forest_join, infiniplex_forest_straight_4,
          infiniplex_forest_3_way, infiniplex_forest_straight_5,
          infiniplex_forest_zigzag_1, infiniplex_forest_straight_1,
          infiniplex_forest_join, infiniplex_forest_clump_C, uniq_sigmund

Skill      XL: |  1  2  3  4  5 |
---------------+----------------+-----
Throwing       | 1 2 |  2.0
Long Blades    | 2 |  2.6
Summonings     | 1 2 3 |  3.1
Unarmed Combat | 2 |  2.3
Shields        | 1 |  1.7
Short Blades   | 1 |  1.7
Maces & Flails | 1 |  1.3
Polearms       | 1 |  1.3
Staves         | 1 |  1.3
Slings         | 1 2 |  2.0
Bows           | 2 |  2.0
Crossbows      | 5 |  5.0
Armour         | 1 2 |  2.0
Dodging        | 5 |  5.0
Stealth        | 1 |  1.3
Spellcasting   | 3 |  3.3
Conjurations   | 1 |  1.7
Charms         | 2 |  2.3
Necromancy     | 1 2 |  2.0
Translocations | 1 |  1.3
Fire Magic     | 1 |  1.3
Earth Magic    | 1 |  1.3
Invocations    | 1 |  1.3
Fighting       | |  2.6
Axes           | |  0.8
Hexes          | |  6.8
Ice Magic      | |  0.8
Poison Magic   | |  0.8
Evocations     | |  0.8

Action                   |  1- 3 |  4- 6 || total
-------------------------+-------+-------++-------
Melee: Hand axe          |       |    30 ||    30
       Unarmed           |       |     4 ||     4
       Bite              |       |     4 ||     4
 Fire: Hand crossbow     |    64 |     9 ||    73
 Cast: Corona            |     8 |       ||     8
  Use: Scroll            |     4 |       ||     4
  Eat: Bread ration      |       |     1 ||     1
       Chunk             |       |     1 ||     1
Armor: Robe              |     2 |     8 ||    10
Dodge: Dodged            |    17 |    79 ||    96

Table legend:
 A = Spawn XP
 B = Non-spawn XP
 C = Spawn XP percentage of total XP
 D = Spawn monster count
 E = Non-spawn monster count
 F = Spawn count percentage of total count
 G = Total turns spent on level
                    A         B        C        D         E        F      G
               +---------+---------+-------+---------+---------+-------+---------
         Total |       0 |     324 |   0.0 |       0 |      45 |   0.0 |  1674
               +---------+---------+-------+---------+---------+-------+---------
           D:1 |       0 |      52 |   0.0 |       0 |      29 |   0.0 |   922
           D:2 |       0 |     266 |   0.0 |       0 |      14 |   0.0 |   730
           D:3 |       0 |       6 |   0.0 |       0 |       2 |   0.0 |    22
               +---------+---------+-------+---------+---------+-------+---------
